 Dungeon Crawl Stone Soup version 0.30.0-18-gf1372a6a44 (webtiles) character file.

Game seed: 8613621817913964939

47947 qw the Cleaver (level 14, -3/88 HPs)
             Began as a Gargoyle Fighter on May 22, 2023.
             Was an Elder of Okawaru.
             Killed from afar by an oklob plant (22 damage)
             ... with a splash of acid
             ... on level 5 of the Lair of Beasts.
             The game lasted 00:09:31 (17897 turns).

qw the Cleaver (Gargoyle Fighter)                  Turns: 17897, Time: 00:09:31

Health: -3/88      AC: 27    Str: 24    XL:     14   Next: 44%
Magic:  10/12      EV:  7    Int: 10    God:    Okawaru [****..]
Gold:   618        SH: 17    Dex:  9    Spells: 13/13 levels left

rFire   + . .        Y - +6 war axe (venom)
rCold   x . .        v - +0 kite shield
rNeg    + . .        x - +3 crystal plate armour
rPois   inf          o - +0 helmet
rElec   +            t - +1 cloak
rCorr   .            g - +0 pair of gloves
SInv    +            i - +0 pair of boots
Will    ++++.        p - amulet of reflection Stlth
                     r - ring of Prescription {Fire rElec rPois Will+++ MP-9}
HPRegen 0.34/turn    h - ring of see invisible
MPRegen 0.13/turn

%: reflection
@: about to teleport, heroic, corroded, flying
A: sickness immunity, AC +10, big wings, negative energy resistance 1,
electricity resistance, torment resistance 1, petrification resistance
a: Renounce Religion, Heroism, Finesse


You were on level 5 of the Lair of Beasts.
You worshipped Okawaru.
Okawaru was greatly pleased with you.
You visited 3 branches of the dungeon, and saw 17 of its levels.
You also visited: Sewer.

You collected 1764 gold pieces.
You spent 1146 gold pieces at shops.


Innate Abilities, Weirdness & Mutations

You are immune to sickness and miasma.
Your stone body is resilient. (AC +10)
You are immune to poison.
Your large and strong wings let you fly.
You resist negative energy. (rN+)
You are resistant to electric shocks. (rElec)
You are resistant to unholy torment.
You are immune to petrification.


   Skills:
 - Level 10.0(15.0) Fighting
 + Level 13.7(18.7) Axes
 - Level 4.9(9.9) Throwing
 - Level 13.0(18.0) Armour
 - Level 1.1(6.1) Dodging
 - Level 11.0(16.0) Shields
 - Level 10.0 Invocations


You had 13 spell levels left.
You didn't know any spells.
Your spell library was empty.

Inventory:

Hand Weapons
 m - a +0 hand axe of flaming
 Y - a +6 war axe of venom (weapon)
Missiles
 z - a boomerang
 B - 7 javelins (quivered)
Armour
 g - a +0 pair of gloves (worn)
 i - a +0 pair of boots (worn)
 o - a +0 helmet (worn)
 t - a +1 cloak (worn)
 v - a +0 kite shield (worn)
 x - a +3 crystal plate armour (worn)
 y - a +1 hat of see invisible
Jewellery
 c - a ring of protection from fire
 h - a ring of see invisible (right hand)
 p - an amulet of reflection (around neck)
 r - the ring of Prescription (left hand) {Fire rElec rPois Will+++ MP-9}
   (You acquired it on level 5 of the Dungeon)

   [ring of fire]

   It enhances your fire magic.
   rF:        It protects you from fire.
   rC:        It makes you vulnerable to cold.
   rElec:     It insulates you from electricity.
   rPois:     It protects you from poison.
   MP:        It affects your magic capacity (-9).
   Will:      It greatly increases your willpower.
 w - a +4 ring of protection
 A - a ring of positive energy
Wands
 q - a wand of digging (17)
Scrolls
 f - 7 scrolls of identify
 k - 4 scrolls of teleportation
Potions
 a - 6 potions of curing
 b - 6 potions of resistance
 d - 3 potions of might
 e - 8 potions of heal wounds
 j - 2 potions of lignification
 l - 2 potions of attraction
 n - 3 potions of haste
 s - 2 potions of magic
 u - 4 potions of mutation

Dungeon Overview and Level Annotations

Branches:
Dungeon (11/15)            Temple (1/1) D:4            Lair (5/5) D:11
 Shoals (0/4) Lair:2       Spider (0/4) Lair:3        Slime (0/5) Lair:5
    Orc (0/2) D:10          Sewer (visited)

Altars:
Ashenzari
Cheibriados
Dithmenos
Elyvilon
Fedhas
Gozag
Hepliaklqana
Kikubaaqudgha
Makhleb
Nemelex Xobeh
Okawaru
Qazlal
Ru
Sif Muna
Trog
Uskayaw
Vehumet
Wu Jian
Xom
Yredelemnul
Zin
The Shining One
Jiyva

Shops:
D:1 (   D:7 (   D:8 *   D:9 !

Annotations:
D:5 1 runed translucent door, Crazy Yiuf
Lair:3 3 runed translucent doors, qw's ghost, journeyman GrFi
Lair:4 1 runed translucent door, Wairalebb's ghost, journeyman BaFi
Lair:5 2 runed translucent doors


Message History

The splash of acid hits you but does no damage.
The acid corrodes you!
You hit the oklob plant.
The oklob plant is almost destroyed.
The oklob plant spits acid at you.
The splash of acid hits you but does no damage.
The acid corrodes you!
You hit the oklob plant but do no damage.
The oklob plant is almost destroyed.
The oklob plant spits acid at you. The splash of acid hits you.
The oklob plant spits acid at you.
The splash of acid hits you but does no damage.
The acid corrodes you!
You hit the oklob plant but do no damage.
The oklob plant is almost destroyed.
The oklob plant spits acid at you. The splash of acid hits you!
The acid corrodes you!
17894 ||| READING 5 scrolls of teleportation.
As you read the scroll of teleportation, it crumbles to dust.
You feel strangely unstable. The oklob plant spits acid at you.
The splash of acid hits you! The acid corrodes you!
The oklob plant spits acid at you. The splash of acid hits you.
You hit the oklob plant but do no damage.
The oklob plant is poisoned.
The oklob plant is almost destroyed.
You feel like a meek peon again.
17896 ||| INVOKING Heroism.
You gain the combat prowess of a mighty hero.
The oklob plant spits acid at you. The splash of acid hits you!
The acid corrodes you! The oklob plant spits acid at you.
The splash of acid hits you!
17897 ||| DRINKING 9 potions of heal wounds.
You feel much better. The oklob plant spits acid at you.
The splash of acid hits you!!
You die...

############
###.......##.##
##............[###
#............@PP.#
##.....###..._.P.#
##....#####...>..# #######
#.....##
###P..####.#.#.####
##.....### #.##
#.......##P ##......## ##
#......[... #.#.....######
#..........
###......#.#.###..........
##.............<.........


You could see 4 oklob plants.

Vanquished Creatures
  8 hydras
  2 catoblepae
  A two-headed ogre (D:10)
  A boulder beetle (Lair:4)
  3 death yaks (Lair:4)
  Sonja (Lair:5)
  2 skysharks (Lair:5)
  A lindwurm (Lair:5)
  A cyclops (D:11)
  11 elephants
  Joseph (D:10)
  5 black mambas
  2 molten gargoyles (Lair:5)
  A gargoyle (D:11)
  15 cane toads
  An unseen horror (D:11)
  4 rime drakes
  15 komodo dragons
  A hornet (D:10)
  A polar bear (Lair:5)
  A troll (D:9)
  24 blink frogs
  2 dream sheep (D:11)
  5 culicivoras (Lair:3)
  6 wyverns
  33 yaks
  4 steam dragons
  6 basilisks
  Menkaure (D:5)
  4 hell hounds (Lair:5)
  An acid dragon (D:11)
  12 water moccasins
  3 black bears
  9 orc warriors
  2 ogres (D:6)
  4 wolves (Lair:4)
  4 centaurs
  A phantom (D:5)
  6 kobold brigands
  A gnoll sergeant (D:9)
  9 bullfrogs
  4 scorpions
  5 wights (D:9)
  14 killer bees
  3 electric eels (Lair:1)
  5 howler monkeys
  5 lava snakes (Lair:5)
  2 jellies (D:6)
  10 orc priests
  A gnoll bouda (D:9)
  6 hounds
  2 iguanas
  2 sleepcaps
  Natasha (twice) (D:4)
  4 hell rats (Lair:5)
  9 orc wizards
  Robin (D:2)
  13 gnolls
  3 adders
  4 river rats (Sewer)
  A white imp (D:7)
  3 ufetubi
  5 worms
  A dart slug (D:1)
  38 orcs
  7 ball pythons
  9 bats
  5 endoplasms
  5 giant cockroaches
  12 goblins
  8 hobgoblins
  7 jackals
  16 kobolds
  5 quokkas
  6 frilled lizards
  13 rats
451 creatures vanquished.

Vanquished Creatures (others)
  A hell hound (Lair:5)
1 creature vanquished.

Grand Total: 452 creatures vanquished

Notes
Turn   | Place    | Note
-------+----------+-------------------------------------------
     0 | D:1      | qw the Gargoyle Fighter began the quest for the Orb.
     0 | D:1      | Reached XP level 1. HP: 14/14 MP: 1/1
     0 | D:1      | 0 ||| qw: Version: 0.2-a-98-g5d7165a
     0 | D:1      | 0 ||| qw: Game counter: 4
     0 | D:1      | 0 ||| qw: Always use a shield: true
     0 | D:1      | 0 ||| qw: God list: Okawaru
     0 | D:1      | 0 ||| qw: Allow faded altars: false
     0 | D:1      | 0 ||| qw: Do Orc after D:15 true
     0 | D:1      | 0 ||| qw: Do second Lair branch before Depths: true
     0 | D:1      | 0 ||| qw: Lair rune preference: random
     0 | D:1      | 0 ||| qw: Plans: Normal, Zot:1-4, God:TSO, Crypt, Tomb,
                  | Pan, Slime:5, Hells, Abyss, Win
     0 | D:1      | 0 ||| PLANNING D:1-11
   119 | D:1      | Found Bummei's Weapon Shop.
   123 | D:1      | 123 ||| Stepping ~*~*~tactically~*~*~ (hiding).
   126 | D:1      | Reached XP level 2. HP: 19/19 MP: 2/2
   391 | D:1      | Reached skill level 3 in Axes
   467 | D:1      | Reached XP level 3. HP: 22/23 MP: 3/3
   790 | D:1      | Found a faded altar of an unknown god.
   793 | D:1      | 793 ||| UPGRADING to +1 hat.
   798 | D:1      | 798 ||| READING scroll labelled BOONOU YGOBLAQO.
   799 | D:1      | 799 ||| READING 2 scrolls labelled WOMIEPPAIHI.
   800 | D:1      | 800 ||| READING scroll labelled PIC OSEERIUWI.
   901 | D:1      | 901 ||| READING scroll labelled NABBEU ETOTZY.
   902 | D:1      | 902 ||| READING 3 scrolls labelled HOP PIGRECIXU.
   903 | D:1      | 903 ||| READING scroll labelled XYSYREQ LEZUPREM.
   906 | D:1      | 906 ||| READING scroll labelled CEATAWO VARPH.
   920 | D:1      | 920 ||| DROPPING 2 scrolls of poison.
  1046 | D:2      | 1046 ||| Stepping ~*~*~tactically~*~*~ (hiding).
  1050 | D:2      | 1050 ||| Stepping ~*~*~tactically~*~*~ (hiding).
  1352 | D:2      | Noticed Robin
  1361 | D:2      | Killed Robin
  1362 | D:2      | Reached XP level 4. HP: 24/28 MP: 4/4
  1517 | D:2      | 1517 ||| Stepping ~*~*~tactically~*~*~ (stealth).
  1518 | D:2      | 1518 ||| Stepping ~*~*~tactically~*~*~ (stealth).
  1546 | D:2      | 1546 ||| Stepping ~*~*~tactically~*~*~ (stealth).
  1761 | D:2      | 1761 ||| UPGRADING to +0 pair of gloves.
  1766 | D:2      | 1766 ||| UPGRADING to +0 pair of boots.
  1771 | D:2      | 1771 ||| UPGRADING to +0 helmet.
  1781 | D:2      | 1781 ||| DROPPING +1 hat.
  1782 | D:2      | 1782 ||| READING scroll labelled XANGOR HOEFU.
  1783 | D:2      | 1783 ||| READING scroll labelled BEISIL VAIHU.
  1784 | D:2      | 1784 ||| READING 2 scrolls of identify.
  1784 | D:2      | 1784 ||| IDENTIFYING smoky silvery potion
  2173 | D:3      | 2173 ||| UPGRADING to +0 chain mail.
  2183 | D:3      | 2183 ||| DROPPING +0 scale mail.
  2184 | D:3      | 2184 ||| UPGRADING to amulet of reflection.
  2189 | D:3      | 2189 ||| READING scroll labelled XOCO YPHUXA.
  2190 | D:3      | 2190 ||| DRINKING 2 amethyst potions.
  2191 | D:3      | 2191 ||| DROPPING potion of degeneration.
  2479 | D:4      | Found a staircase to the Ecumenical Temple.
  2480 | D:4      | 2480 ||| PLANNING TEMPLE
  2485 | Temple   | Entered the Ecumenical Temple
  2652 | Temple   | 2652 ||| PLANNING D:1-11
  2784 | D:4      | Reached XP level 5. HP: 29/32 MP: 5/5
  2861 | D:4      | Noticed Natasha
  2862 | D:4      | 2862 ||| Stepping ~*~*~tactically~*~*~ (hiding).
  2865 | D:4      | Killed Natasha
  3059 | D:4      | Noticed a black bear
  3064 | D:4      | Killed a black bear
  3065 | D:4      | Reached XP level 6. HP: 35/39 MP: 6/6
  3079 | D:4      | Noticed Natasha
  3084 | D:4      | Killed Natasha
  3620 | D:4      | 3620 ||| READING scroll labelled ILISIL YJISUOH.
  3621 | D:4      | 3621 ||| READING scroll labelled KEOPNIFRYS.
  3622 | D:4      | 3622 ||| DRINKING 2 green potions.
  3623 | D:4      | 3623 ||| DRINKING 2 viscous brown potions.
  3624 | D:4      | 3624 ||| READING 4 scrolls of identify.
  3624 | D:4      | 3624 ||| IDENTIFYING viscous dark potion
  3625 | D:4      | 3625 ||| READING 3 scrolls of identify.
  3625 | D:4      | 3625 ||| IDENTIFYING bubbling golden potion
  3626 | D:4      | 3626 ||| READING 2 scrolls of identify.
  3626 | D:4      | 3626 ||| IDENTIFYING glowing black potion
  3627 | D:4      | 3627 ||| DROPPING potion of ambrosia.
  3643 | D:5      | Entered Level 5 of the Dungeon
  3644 | D:5      | 3644 ||| PLANNING SEWER
  3644 | D:5      | Noticed Menkaure
  3655 | D:5      | Killed Menkaure
  3656 | D:5      | Reached skill level 6 in Axes
  3656 | D:5      | Reached XP level 7. HP: 18/44 MP: 7/7
  3775 | D:5      | Found a runed translucent door.
  3776 | D:5      | Noticed Crazy Yiuf
  3840 | D:5      | Reached skill level 1 in Dodging
  3915 | D:5      | 3915 ||| READING scroll of enchant weapon.
  3915 | D:5      | 3915 ||| ENCHANTING +1 war axe of freezing.
  4010 | D:5      | Found a glowing drain.
  4011 | D:5      | 4011 ||| READING 2 scrolls labelled ESA MAICYSOUGA.
  4011 | D:5      | Identified 2 scrolls of acquirement
  4011 | D:5      | 4011 ||| ACQUIRING ring of Prescription {Fire rElec rPois
                  | Will+++ MP-9}
  4011 | D:5      | Acquired the ring of Prescription {Fire rElec rPois Will+++
                  | MP-9}
  4013 | D:5      | 4013 ||| UPGRADING to ring of Prescription {Fire rElec
                  | rPois Will+++ MP-9}.
  4014 | D:5      | 4014 ||| READING scroll of acquirement.
  4014 | D:5      | 4014 ||| ACQUIRING 790 gold pieces
  4014 | D:5      | Acquired 790 gold pieces
  4016 | D:5      | 4016 ||| READING 2 scrolls of identify.
  4016 | D:5      | 4016 ||| IDENTIFYING yellow potion
  4017 | D:5      | 4017 ||| DROPPING potion of flight.
  4031 | D:5      | 4031 ||| Stepping ~*~*~tactically~*~*~ (water).
  4054 | Sewer    | Entered a sewer
  4182 | Sewer    | 4182 ||| Stepping ~*~*~tactically~*~*~ (hiding).
  4185 | Sewer    | 4185 ||| Stepping ~*~*~tactically~*~*~ (hiding).
  4187 | Sewer    | 4187 ||| Stepping ~*~*~tactically~*~*~ (hiding).
  4223 | Sewer    | 4223 ||| Stepping ~*~*~tactically~*~*~ (stealth).
  4480 | Sewer    | 4480 ||| Stepping ~*~*~tactically~*~*~ (water).
  4667 | D:5      | 4667 ||| PLANNING D:1-11
  4857 | D:5      | Identified the +7 dagger of Hivisemi {heavy, rElec Int-5
                  | Dex+4}
  5130 | D:5      | 5130 ||| UPGRADING to +0 cloak.
  5135 | D:5      | 5135 ||| READING scroll labelled JAENOGAMOU.
  5163 | D:6      | Reached XP level 8. HP: 49/49 MP: 0/8
  5234 | D:6      | Identified the +6 sling of the Sun {speed, rElec rF+ rC++
                  | rN+}
  5623 | D:6      | 5623 ||| Stepping ~*~*~tactically~*~*~ (stealth).
  5688 | D:6      | Found an iron altar of Okawaru.
  5689 | D:6      | 5689 ||| PLANNING OKAWARU WORSHIP
  5693 | D:6      | Became a worshipper of Warmaster Okawaru
  5693 | D:6      | 5693 ||| PLANNING D:1-11
  5751 | D:6      | 5751 ||| Stepping ~*~*~tactically~*~*~ (stealth).
  5765 | D:6      | Reached skill level 6 in Fighting
  5968 | D:6      | 5968 ||| DRINKING 2 dark potions.
  5969 | D:6      | 5969 ||| READING 2 scrolls of identify.
  5969 | D:6      | 5969 ||| IDENTIFYING red potion
  5970 | D:6      | 5970 ||| DROPPING potion of invisibility.
  6174 | D:7      | Reached XP level 9. HP: 46/55 MP: 0/9
  6272 | D:7      | Reached * piety under Okawaru
  6273 | D:7      | Reached skill level 9 in Axes
  6300 | D:7      | Reached skill level 1 in Invocations
  6408 | D:7      | 6408 ||| Stepping ~*~*~tactically~*~*~ (hiding).
  6421 | D:7      | 6421 ||| DROPPING +0 whip.
  6542 | D:7      | 6542 ||| Stepping ~*~*~tactically~*~*~ (hiding).
  6705 | D:7      | Found Kyzufuir's Antique Weapon Emporium.
  6725 | D:7      | 6725 ||| BUYING glowing flail (169 gold).
  6725 | D:7      | Bought a glowing flail for 169 gold pieces
  6725 | D:7      | 6725 ||| DROPPING +2 heavy flail.
  6830 | D:7      | 6830 ||| UPGRADING to ring of see invisible.
  6831 | D:7      | 6831 ||| READING 4 scrolls of identify.
  6831 | D:7      | 6831 ||| IDENTIFYING fuming sapphire potion
  6864 | D:8      | Reached skill level 3 in Invocations
  6924 | D:8      | 6924 ||| INVOKING Heroism.
  6978 | D:8      | 6978 ||| INVOKING Heroism.
  7053 | D:8      | 7053 ||| READING scroll of enchant weapon.
  7053 | D:8      | 7053 ||| ENCHANTING +2 war axe of freezing.
  7131 | D:8      | 7131 ||| INVOKING Heroism.
  7134 | D:8      | 7134 ||| Stepping ~*~*~tactically~*~*~ (hiding).
  7152 | D:8      | 7152 ||| INVOKING Heroism.
  7158 | D:8      | Reached skill level 6 in Armour
  7158 | D:8      | 7158 ||| Stepping ~*~*~tactically~*~*~ (stealth).
  7212 | D:8      | 7212 ||| Stepping ~*~*~tactically~*~*~ (stealth).
  7318 | D:8      | Found a snail-covered altar of Cheibriados.
  7319 | D:8      | Found an opulent altar of Gozag.
  7320 | D:8      | 7320 ||| Stepping ~*~*~tactically~*~*~ (hiding).
  7336 | D:8      | 7336 ||| Stepping ~*~*~tactically~*~*~ (stealth).
  7338 | D:8      | 7338 ||| Stepping ~*~*~tactically~*~*~ (stealth).
  7340 | D:8      | 7340 ||| Stepping ~*~*~tactically~*~*~ (hiding).
  7344 | D:8      | 7344 ||| INVOKING Heroism.
  7528 | D:8      | Found Zeyxzeef's CLEARANCE SALE!.
  7536 | D:8      | 7536 ||| BUYING +2 crystal plate armour (460 gold).
  7536 | D:8      | Bought a +2 crystal plate armour for 460 gold pieces
  7742 | D:8      | 7742 ||| UPGRADING to +1 cloak.
  7752 | D:8      | 7752 ||| DROPPING +0 cloak.
  7753 | D:8      | 7753 ||| UPGRADING to +0 plate armour.
  7763 | D:8      | 7763 ||| DROPPING +0 chain mail.
  7764 | D:8      | 7764 ||| UPGRADING to +2 crystal plate armour.
  7774 | D:8      | 7774 ||| DROPPING +0 plate armour.
  7796 | D:9      | 7796 ||| Stepping ~*~*~tactically~*~*~ (stealth).
  7798 | D:9      | 7798 ||| Stepping ~*~*~tactically~*~*~ (hiding).
  7831 | D:9      | 7831 ||| Stepping ~*~*~tactically~*~*~ (stealth).
  7844 | D:9      | Found Ylaz's Distillery.
  7853 | D:9      | Reached XP level 10. HP: 60/63 MP: 4/13
  7866 | D:9      | 7866 ||| BUYING 2 potions of attraction (66 gold).
  7866 | D:9      | Bought 2 potions of attraction for 66 gold pieces
  7866 | D:9      | 7866 ||| BUYING potion of haste (110 gold).
  7866 | D:9      | Bought a potion of haste for 110 gold pieces
  7866 | D:9      | 7866 ||| BUYING potion of heal wounds (55 gold).
  7866 | D:9      | Bought a potion of heal wounds for 55 gold pieces
  7866 | D:9      | 7866 ||| BUYING potion of mutation (88 gold).
  7866 | D:9      | Bought a potion of mutation for 88 gold pieces
  7866 | D:9      | 7866 ||| BUYING potion of mutation (88 gold).
  7866 | D:9      | Bought a potion of mutation for 88 gold pieces
  7866 | D:9      | 7866 ||| BUYING potion of resistance (110 gold).
  7866 | D:9      | Bought a potion of resistance for 110 gold pieces
  7912 | D:9      | 7912 ||| Stepping ~*~*~tactically~*~*~ (stealth).
  7916 | D:9      | 7916 ||| Stepping ~*~*~tactically~*~*~ (stealth).
  7928 | D:9      | 7928 ||| Stepping ~*~*~tactically~*~*~ (hiding).
  7940 | D:9      | 7940 ||| Stepping ~*~*~tactically~*~*~ (hiding).
  7941 | D:9      | 7941 ||| Stepping ~*~*~tactically~*~*~ (hiding).
  7942 | D:9      | 7942 ||| Stepping ~*~*~tactically~*~*~ (hiding).
  7945 | D:9      | 7945 ||| INVOKING Heroism.
  7950 | D:9      | Reached ** piety under Okawaru
  7955 | D:9      | 7955 ||| Stepping ~*~*~tactically~*~*~ (hiding).
  7959 | D:9      | 7959 ||| Stepping ~*~*~tactically~*~*~ (hiding).
  7965 | D:9      | 7965 ||| Stepping ~*~*~tactically~*~*~ (hiding).
  7991 | D:9      | 7991 ||| INVOKING Heroism.
  8001 | D:9      | Reached skill level 9 in Armour
  8034 | D:9      | 8034 ||| Stepping ~*~*~tactically~*~*~ (stealth).
  8081 | D:9      | 8081 ||| DROPPING +1 flail of protection.
  8234 | D:9      | 8234 ||| Stepping ~*~*~tactically~*~*~ (hiding).
  8238 | D:9      | 8238 ||| INVOKING Heroism.
  8254 | D:9      | 8254 ||| Stepping ~*~*~tactically~*~*~ (hiding).
  8265 | D:9      | 8265 ||| INVOKING Heroism.
  8284 | D:9      | 8284 ||| INVOKING Heroism.
  8313 | D:9      | 8313 ||| INVOKING Heroism.
  8431 | D:9      | 8431 ||| Stepping ~*~*~tactically~*~*~ (hiding).
  8432 | D:9      | 8432 ||| Stepping ~*~*~tactically~*~*~ (hiding).
  8440 | D:9      | 8440 ||| Stepping ~*~*~tactically~*~*~ (hiding).
  8553 | D:9      | Found a flagged portal.
  8587 | D:9      | 8587 ||| INVOKING Heroism.
  8845 | D:9      | 8845 ||| UPGRADING to +0 kite shield.
  8855 | D:9      | 8855 ||| DROPPING +0 buckler.
  8862 | D:10     | Entered Level 10 of the Dungeon
  8970 | D:10     | Reached skill level 6 in Shields
  9035 | D:10     | Noticed a two-headed ogre
  9037 | D:10     | 9037 ||| INVOKING Heroism.
  9043 | D:10     | Killed a two-headed ogre
  9044 | D:10     | Reached XP level 11. HP: 67/67 MP: 2/14
  9138 | D:10     | 9138 ||| Stepping ~*~*~tactically~*~*~ (stealth).
  9142 | D:10     | 9142 ||| Stepping ~*~*~tactically~*~*~ (hiding).
  9314 | D:10     | Noticed Joseph
  9328 | D:10     | Killed Joseph
  9385 | D:10     | 9385 ||| Stepping ~*~*~tactically~*~*~ (hiding).
  9392 | D:10     | 9392 ||| INVOKING Heroism.
  9432 | D:10     | 9432 ||| Stepping ~*~*~tactically~*~*~ (stealth).
  9434 | D:10     | 9434 ||| Stepping ~*~*~tactically~*~*~ (stealth).
  9436 | D:10     | 9436 ||| Stepping ~*~*~tactically~*~*~ (stealth).
  9438 | D:10     | 9438 ||| Stepping ~*~*~tactically~*~*~ (stealth).
  9440 | D:10     | 9440 ||| Stepping ~*~*~tactically~*~*~ (stealth).
  9442 | D:10     | 9442 ||| Stepping ~*~*~tactically~*~*~ (stealth).
  9444 | D:10     | 9444 ||| Stepping ~*~*~tactically~*~*~ (stealth).
  9446 | D:10     | 9446 ||| Stepping ~*~*~tactically~*~*~ (stealth).
  9448 | D:10     | 9448 ||| Stepping ~*~*~tactically~*~*~ (stealth).
  9450 | D:10     | 9450 ||| INVOKING Heroism.
  9451 | D:10     | 9451 ||| Stepping ~*~*~tactically~*~*~ (hiding).
  9453 | D:10     | 9453 ||| Stepping ~*~*~tactically~*~*~ (hiding).
  9482 | D:10     | Found a staircase to the Orcish Mines.
  9540 | D:10     | 9540 ||| Stepping ~*~*~tactically~*~*~ (hiding).
  9541 | D:10     | 9541 ||| INVOKING Heroism.
  9547 | D:10     | Reached skill level 9 in Shields
  9791 | D:10     | 9791 ||| READING scroll labelled ETIRAA MEAB.
  9842 | D:11     | 9842 ||| Stepping ~*~*~tactically~*~*~ (hiding).
  9845 | D:11     | 9845 ||| Stepping ~*~*~tactically~*~*~ (hiding).
  9917 | D:11     | 9917 ||| INVOKING Heroism.
 10013 | D:11     | Noticed a cyclops
 10014 | D:11     | 10014 ||| INVOKING Heroism.
 10024 | D:11     | Killed a cyclops
 10161 | D:11     | 10161 ||| Stepping ~*~*~tactically~*~*~ (stealth).
 10171 | D:11     | Reached *** piety under Okawaru
 10327 | D:11     | 10327 ||| INVOKING Heroism.
 10354 | D:11     | 10354 ||| DROPPING ring of wizardry.
 10386 | D:11     | Noticed a three-headed hydra
 10387 | D:11     | 10387 ||| INVOKING Heroism.
 10388 | D:11     | 10388 ||| SWAPPING to +0 hand axe of flaming.
 10391 | D:11     | Killed a one-headed hydra
 10391 | D:11     | Reached **** piety under Okawaru
 10392 | D:11     | 10392 ||| SWAPPING to +3 war axe of freezing.
 10483 | D:11     | 10483 ||| Stepping ~*~*~tactically~*~*~ (hiding).
 10489 | D:11     | 10489 ||| Stepping ~*~*~tactically~*~*~ (hiding).
 10501 | D:11     | 10501 ||| Stepping ~*~*~tactically~*~*~ (stealth).
 10608 | D:11     | Noticed a four-headed hydra
 10609 | D:11     | 10609 ||| INVOKING Heroism.
 10662 | D:11     | 10662 ||| INVOKING Heroism.
 10667 | D:11     | 10667 ||| SWAPPING to +0 hand axe of flaming.
 10676 | D:11     | Killed a one-headed hydra
 10677 | D:11     | 10677 ||| SWAPPING to +3 war axe of freezing.
 10779 | D:11     | Found a staircase to the Lair.
 10863 | D:11     | 10863 ||| Stepping ~*~*~tactically~*~*~ (stealth).
 10866 | D:11     | 10866 ||| Stepping ~*~*~tactically~*~*~ (stealth).
 10979 | D:11     | 10979 ||| PLANNING LAIR
 10979 | D:11     | 10979 ||| READING scroll labelled WUTEOPS UKAGES.
 10980 | D:11     | 10980 ||| READING scroll labelled SUJOTI RYCUFUO.
 10981 | D:11     | 10981 ||| DROPPING scroll of immolation.
 11027 | Lair:1   | Entered Level 1 of the Lair of Beasts
 11037 | Lair:1   | 11037 ||| INVOKING Heroism.
 11073 | Lair:1   | 11073 ||| INVOKING Heroism.
 11078 | Lair:1   | Reached XP level 12. HP: 73/73 MP: 3/15
 11268 | Lair:1   | 11268 ||| INVOKING Heroism.
 11328 | Lair:1   | 11328 ||| Stepping ~*~*~tactically~*~*~ (stealth).
 11342 | Lair:1   | 11342 ||| Stepping ~*~*~tactically~*~*~ (stealth).
 11343 | Lair:1   | 11343 ||| Stepping ~*~*~tactically~*~*~ (stealth).
 11344 | Lair:1   | 11344 ||| INVOKING Heroism.
 11357 | Lair:1   | Reached skill level 6 in Invocations
 11376 | Lair:1   | Reached skill level 9 in Fighting
 11426 | Lair:1   | 11426 ||| READING scroll of enchant armour.
 11426 | Lair:1   | 11426 ||| ENCHANTING +2 crystal plate armour.
 11664 | Lair:1   | 11664 ||| Stepping ~*~*~tactically~*~*~ (hiding).
 12044 | Lair:2   | 12044 ||| INVOKING Heroism.
 12050 | Lair:2   | Received a gift from Okawaru
 12218 | Lair:2   | 12218 ||| INVOKING Heroism.
 12220 | Lair:2   | 12220 ||| Stepping ~*~*~tactically~*~*~ (stealth).
 12221 | Lair:2   | 12221 ||| Stepping ~*~*~tactically~*~*~ (stealth).
 12295 | Lair:2   | 12295 ||| INVOKING Heroism.
 12657 | Lair:2   | Reached skill level 1 in Throwing
 12874 | Lair:2   | Found a staircase to the Shoals.
 12876 | Lair:2   | 12876 ||| INVOKING Heroism.
 13183 | Lair:3   | Noticed an eight-headed hydra
 13184 | Lair:3   | 13184 ||| INVOKING Heroism.
 13185 | Lair:3   | 13185 ||| SWAPPING to +0 hand axe of flaming.
 13202 | Lair:3   | Killed a one-headed hydra
 13203 | Lair:3   | 13203 ||| SWAPPING to +3 war axe of freezing.
 13340 | Lair:3   | Received a gift from Okawaru
 13341 | Lair:3   | Reached skill level 9 in Invocations
 13384 | Lair:3   | 13384 ||| Stepping ~*~*~tactically~*~*~ (stealth).
 13458 | Lair:3   | 13458 ||| INVOKING Heroism.
 13462 | Lair:3   | Reached XP level 13. HP: 44/80 MP: 7/20
 13591 | Lair:3   | 13591 ||| READING scroll of enchant weapon.
 13591 | Lair:3   | 13591 ||| ENCHANTING +3 war axe of freezing.
 13740 | Lair:3   | 13740 ||| INVOKING Heroism.
 13742 | Lair:3   | HP: 18/80 [culicivora (4)]
 13743 | Lair:3   | 13743 ||| READING 7 scrolls of teleportation.
 13744 | Lair:3   | 13744 ||| DRINKING 10 potions of heal wounds.
 13751 | Lair:3   | Reached skill level 3 in Throwing
 13968 | Lair:3   | Found a runed translucent gate.
 13968 | Lair:3   | Found a runed translucent gate.
 13969 | Lair:3   | Found a runed translucent gate.
 13969 | Lair:3   | Noticed qw's ghost (journeyman GrFi)
 14021 | Lair:3   | 14021 ||| INVOKING Heroism.
 14146 | Lair:3   | Found a hole to the Spider Nest.
 14147 | Lair:3   | 14147 ||| Stepping ~*~*~tactically~*~*~ (hiding).
 14327 | Lair:3   | 14327 ||| INVOKING Heroism.
 14564 | Lair:3   | 14564 ||| INVOKING Heroism.
 14612 | Lair:4   | 14612 ||| INVOKING Heroism.
 14615 | Lair:4   | Reached skill level 12 in Axes
 14684 | Lair:4   | 14684 ||| READING scroll of enchant weapon.
 14684 | Lair:4   | 14684 ||| ENCHANTING +4 war axe of freezing.
 14872 | Lair:4   | 14872 ||| INVOKING Heroism.
 14877 | Lair:4   | 14877 ||| SWAPPING to +0 hand axe of flaming.
 14887 | Lair:4   | 14887 ||| SWAPPING to +5 war axe of freezing.
 15003 | Lair:4   | Found a frozen archway.
 15006 | Lair:4   | 15006 ||| INVOKING Heroism.
 15032 | Lair:4   | 15032 ||| Stepping ~*~*~tactically~*~*~ (stealth).
 15306 | Lair:4   | Found a runed translucent door.
 15306 | Lair:4   | Noticed Wairalebb's ghost (journeyman BaFi)
 15314 | Lair:4   | 15314 ||| INVOKING Heroism.
 15326 | Lair:4   | Reached skill level 12 in Armour
 15374 | Lair:4   | 15374 ||| Stepping ~*~*~tactically~*~*~ (stealth).
 15375 | Lair:4   | 15375 ||| Stepping ~*~*~tactically~*~*~ (stealth).
 15377 | Lair:4   | 15377 ||| INVOKING Heroism.
 15414 | Lair:4   | 15414 ||| INVOKING Heroism.
 15440 | Lair:4   | 15440 ||| Stepping ~*~*~tactically~*~*~ (stealth).
 15487 | Lair:4   | 15487 ||| INVOKING Heroism.
 15747 | Lair:4   | 15747 ||| DROPPING amulet of faith.
 15771 | Lair:5   | Entered Level 5 of the Lair of Beasts
 15789 | Lair:5   | Noticed Sonja
 15798 | Lair:5   | 15798 ||| READING scroll of enchant weapon.
 15798 | Lair:5   | 15798 ||| ENCHANTING +5 war axe of freezing.
 15807 | Lair:5   | Killed Sonja
 15807 | Lair:5   | Received a gift from Okawaru
 15894 | Lair:5   | 15894 ||| INVOKING Heroism.
 15934 | Lair:5   | 15934 ||| INVOKING Heroism.
 15975 | Lair:5   | 15975 ||| INVOKING Heroism.
 16035 | Lair:5   | 16035 ||| SWAPPING to +0 hand axe of flaming.
 16042 | Lair:5   | 16042 ||| INVOKING Heroism.
 16046 | Lair:5   | Received a gift from Okawaru
 16047 | Lair:5   | 16047 ||| SWAPPING to +6 war axe of freezing.
 16051 | Lair:5   | Gained mutation: Your large and strong wings let you fly.
                  | [Gargoyle growth]
 16051 | Lair:5   | Reached XP level 14. HP: 69/88 MP: 9/21
 16128 | Lair:5   | 16128 ||| READING scroll of brand weapon.
 16128 | Lair:5   | 16128 ||| BRANDING +6 war axe of freezing.
 16174 | Lair:5   | 16174 ||| INVOKING Heroism.
 16182 | Lair:5   | 16182 ||| SWAPPING to +0 hand axe of flaming.
 16199 | Lair:5   | Reached ***** piety under Okawaru
 16200 | Lair:5   | 16200 ||| SWAPPING to +6 war axe of venom.
 16605 | Lair:5   | Received a gift from Okawaru
 16699 | Lair:5   | 16699 ||| INVOKING Heroism.
 16737 | Lair:5   | 16737 ||| Stepping ~*~*~tactically~*~*~ (stealth).
 16738 | Lair:5   | 16738 ||| Stepping ~*~*~tactically~*~*~ (stealth).
 16739 | Lair:5   | 16739 ||| Stepping ~*~*~tactically~*~*~ (stealth).
 16818 | Lair:5   | 16818 ||| Stepping ~*~*~tactically~*~*~ (hiding).
 16824 | Lair:5   | 16824 ||| INVOKING Heroism.
 16825 | Lair:5   | 16825 ||| SWAPPING to +0 hand axe of flaming.
 16832 | Lair:5   | 16832 ||| SWAPPING to +6 war axe of venom.
 16868 | Lair:5   | 16868 ||| Stepping ~*~*~tactically~*~*~ (hiding).
 17005 | Lair:5   | 17005 ||| INVOKING Heroism.
 17006 | Lair:5   | 17006 ||| Stepping ~*~*~tactically~*~*~ (hiding).
 17142 | Lair:5   | Found a large runed translucent door.
 17142 | Lair:5   | Found a large runed translucent door.
 17148 | Lair:5   | 17148 ||| INVOKING Heroism.
 17149 | Lair:5   | 17149 ||| INVOKING Finesse.
 17158 | Lair:5   | 17158 ||| SWAPPING to +0 hand axe of flaming.
 17167 | Lair:5   | 17167 ||| SWAPPING to +6 war axe of venom.
 17172 | Lair:5   | Received a gift from Okawaru
 17630 | Lair:5   | Found a viscous altar of Jiyva.
 17632 | Lair:5   | 17632 ||| INVOKING Heroism.
 17633 | Lair:5   | Found a staircase to the Slime Pits.
 17640 | Lair:5   | 17640 ||| READING 6 scrolls of teleportation.
 17881 | Lair:5   | 17881 ||| INVOKING Heroism.
 17894 | Lair:5   | 17894 ||| READING 5 scrolls of teleportation.
 17896 | Lair:5   | 17896 ||| INVOKING Heroism.
 17896 | Lair:5   | HP: 20/88 [oklob plant/splash of acid (15)]
 17896 | Lair:5   | HP: 5/88 [oklob plant/splash of acid (15)]
 17897 | Lair:5   | 17897 ||| DRINKING 9 potions of heal wounds.
 17897 | Lair:5   | Killed from afar by an oklob plant

Levels and vault maps discovered:
D:1:      eino_arrival_water_cross, layout_basic, serial_shops,
          nicolae_lakefront_shop, dilly_ecumenical_altar_fadedgnrine,
          minmay_cut_off
D:2:      layout_loops_ring, minmay_tree_intersection, uniq_robin
D:3:      layout_basic
D:4:      layout_loops_corners, minmay_temple_entry_wispy,
          kennysheep_minor_cross, uniq_natasha
D:5:      layout_loops_ring, cheibrodos_sewer_entry_bend, uniq_menkaure,
          uniq_crazy_yiuf_cottage
D:6:      layout_loops_cross, mainiacjoe_overflow_alcove_1
D:7:      layout_basic, serial_shops, nicolae_shop_hallway_stairs
D:8:      layout_loops_ring, chequers_temple_overflow_statue_of_worship,
          nicolae_shop_clearance
D:9:      layout_loops_ring, enter_bailey_3, kennysheep_small_square
D:10:     layout_roguey, david_orc_4, uniq_joseph
D:11:     layout_long_grid, dpeg_oklobed_lair, minmay_stone_trees_small,
          nicolae_benzene_ring, hangedman_ranch
Temple:   nicolae_temple_bog_church
Lair:1:   layout_chaotic_city, serial_forest, infiniplex_forest_3_way,
          infiniplex_forest_corner_1, infiniplex_forest_lined_2,
          infiniplex_forest_end_2, infiniplex_forest_lined_4_way,
          infiniplex_forest_fountain, serial_bayou_shore_a,
          infiniplex_staircase_pool_2, lemuel_fruit_tree
Lair:2:   layout_chaotic_city, elwin_shoals_entry_rooms
Lair:3:   layout_regular_city, hellmonk_spider_entry_life_and_decay,
          gammafunk_ghost_split, grunt_megastairs_2
Lair:4:   layout_small_grid, hellmonk_ghost_happy_afterlife,
          portal_ice_cave_entry_pillars_1, grunt_megastairs_5
Lair:5:   cheibrodos_lair_end_hotspot, layout_regular_city,
          minmay_slime_entry_oklob_enclosed, pdpol_lair_neglected_garden,
          uniq_sonja

Skill      XL: |  1  2  3  4  5  6  7  8  9 10 11 12 13 14 |
---------------+-------------------------------------------+-----
Axes           | 2 3 4 5 6 7 8 9 10 11 12 13 | 13.7
Fighting       | 4 5 6 7 8 9 10 | 10.0
Dodging        | 1 |  1.1
Armour         | 5 7 9 10 11 12 13 | 13.0
Invocations    | 4 9 10 | 10.0
Shields        | 4 7 10 11 | 11.0
Throwing       | 2 4 |  4.9

Action                     |  1- 3 |  4- 6 |  7- 9 | 10-12 | 13-15 || total
---------------------------+-------+-------+-------+-------+-------++-------
  Melee: War axe           |   116 |   120 |   289 |   602 |   432 ||  1559
         Hand axe          |       |       |       |    29 |    50 ||    79
  Throw: Boomerang         |       |       |       |     1 |       ||     1
         Javelin           |       |       |       |    16 |    69 ||    85
 Invoke: Heroism           |       |       |     5 |    27 |    23 ||    55
         Finesse           |       |       |       |       |     1 ||     1
    Use: Scroll            |     7 |     9 |     8 |     4 |     7 ||    35
         Potion            |       |     3 |     1 |       |     2 ||     6
   Stab: Petrified         |       |       |       |       |     1 ||     1
 Armour: Scale mail        |    59 |    29 |       |       |       ||    88
         Chain mail        |       |    30 |   122 |       |       ||   152
         Crystal plate arm |       |       |    16 |   327 |   251 ||   594
  Dodge: Dodged            |    42 |    41 |    69 |    82 |    58 ||   292
  Block: Buckler           |    21 |    18 |   109 |    84 |       ||   232
         Reflection        |       |       |     2 |     8 |     4 ||    14
         Kite shield       |       |       |       |   294 |   358 ||   652

Table legend:
 A = Non-vault XP
 B = Vault XP
 C = Vault XP percentage of total XP
 D = Non-vault monster count
 E = Vault monster count
 F = Vault count percentage of total count
                 A         B        C        D         E       F
            +---------+---------+-------+---------+---------+-------
      Total |   56292 |   12204 |  17.8 |     352 |     100 |  22.1
            +---------+---------+-------+---------+---------+-------
        D:1 |      44 |       2 |   4.3 |      26 |       1 |   3.7
        D:2 |      27 |      27 |  50.0 |      11 |       8 |  42.1
        D:3 |      36 |       0 |   0.0 |      17 |       0 |   0.0
        D:4 |     319 |      35 |   9.9 |      15 |       1 |   6.2
        D:5 |     293 |     184 |  38.6 |       6 |       4 |  40.0
        D:6 |     859 |       0 |   0.0 |      15 |       0 |   0.0
        D:7 |     891 |       0 |   0.0 |      20 |       0 |   0.0
        D:8 |    1374 |       0 |   0.0 |      25 |       0 |   0.0
        D:9 |    2718 |     414 |  13.2 |      46 |       6 |  11.5
       D:10 |    2619 |    1119 |  29.9 |      19 |      14 |  42.4
       D:11 |    4861 |    1676 |  25.6 |      23 |       6 |  20.7
     Lair:1 |    5817 |       0 |   0.0 |      21 |       0 |   0.0
     Lair:2 |    4375 |       0 |   0.0 |      16 |       0 |   0.0
     Lair:3 |    7436 |    1101 |  12.9 |      18 |       5 |  21.7
     Lair:4 |    9929 |     159 |   1.6 |      29 |       1 |   3.3
     Lair:5 |   14694 |    7293 |  33.2 |      45 |      28 |  38.4
      Sewer |       0 |     194 | 100.0 |       0 |      26 | 100.0
            +---------+---------+-------+---------+---------+-------
